 Dungeon Crawl Stone Soup version 0.23.0 (webtiles) character file.

Game seed: 16689867098583797445

1165 McKennaii the Shield-Bearer (level 8, 0/48 HPs)
             Began as a Gargoyle Fighter on Feb 11, 2019.
             Killed by divine providence
             ... invoked by an orc priest
              (14 damage)
             ... on level 5 of the Dungeon.
             The game lasted 00:10:04 (4830 turns).

McKennaii the Shield-Bearer (Gargoyle Fighter)      Turns: 4830, Time: 00:10:04

Health: 0/48       AC: 19    Str: 22    XL:     8   Next: 40%
Magic:  8/8        EV:  5    Int:  9    God:
Gold:   271        SH: 16    Dex:  9    Spells: 7/7 levels left

rFire    + + .     SeeInvis .   a - +0 flail
rCold    . . .     Gourm    .   k - +1 large shield
rNeg     + . .     Faith    .   r - +0 chain mail
rPois    ∞         Spirit   .   t - +2 helmet
rElec    +         Reflect  .   (no cloak)
rCorr    .         Harm     .   (no gloves)
MR       .....                  (no boots)
Stlth    ..........             (no amulet)
HPRegen  0.16/turn              i - ring of protection from fire
MPRegen  0.11/turn              m - ring of protection from fire

@: about to teleport
A: negative energy resistance 1, electricity resistance, unbreathing,
petrification resistance, rot immunity, AC +5
a: no special abilities


You were on level 5 of the Dungeon.
You were hungry.

You visited 1 branch of the dungeon, and saw 5 of its levels.

You collected 271 gold pieces.

Inventory:

Hand Weapons
 a - a +0 flail (weapon)
Armour
 k - a +1 large shield (worn)
 r - a +0 chain mail (worn)
 t - a +2 helmet (worn)
Jewellery
 b - an uncursed ring of magical power
 i - a ring of protection from fire (left hand)
 m - a ring of protection from fire (right hand)
Wands
 d - a wand of digging (1)
 j - a wand of random effects (24)
 n - a wand of iceblast (5)
 x - a wand of acid (5)
 y - a wand of flame (10)
 D - a wand of clouds (7)
Scrolls
 g - a scroll of amnesia {unknown}
 h - 2 scrolls of teleportation
 l - a scroll of enchant armour
 o - 2 scrolls of remove curse {unknown}
 z - a scroll of identify {unknown}
 A - a scroll of magic mapping
Potions
 c - a potion of lignification {unknown}
 e - a potion of agility {unknown}
 p - a potion of magic
 q - a potion of degeneration {unknown}
 s - a potion of experience {unknown}
 u - a potion of ambrosia {unknown}
 v - a potion of haste
 w - a potion of curing
 B - a potion of might
 C - a potion of heal wounds {unknown}
Comestibles
 f - 5 rations


   Skills:
 + Level 4.7 Fighting
 + Level 5.6 Maces & Flails
 + Level 6.0 Armour
 + Level 1.9 Dodging
 + Level 0.1 Stealth
 + Level 6.5 Shields
 + Level 0.4 Evocations


You had 7 spell levels left.
You didn't know any spells.
Your spell library contained the following spells:

 Spells                   Type           Power        Failure   Level  Hunger
 Magic Dart               Conj           #...         100%        1    ##.....
 Blink                    Tloc           N/A          100%        2    ###....
 Call Imp                 Summ           #.......     100%        2    ###....
 Slow                     Hex            #.......     100%        2    ###....
 Conjure Flame            Conj/Fire      #.......     100%        3    ####...
 Mephitic Cloud           Conj/Pois/Air  #.......     100%        3    ####...


Dungeon Overview and Level Annotations

Branches:
Dungeon (5/15)             Temple (0/1) D:5

Altars:
Ashenzari
Gozag
Kikubaaqudgha
Wu Jian


Innate Abilities, Weirdness & Mutations

You are resistant to torment.
Your stone body is resilient. (AC +5)
You are immune to poison.
You resist negative energy. (rN+)
You are resistant to electric shocks. (rElec)
You can survive without breathing.
You are immune to petrification.
You are immune to rotting.


Message History

Beogh smites you!
* * * LOW HITPOINT WARNING * * *
You are too injured to fight recklessly!
You are too injured to fight recklessly!
You are too injured to fight recklessly!
You are too injured to fight recklessly!
You sock the orc priest!
The orc priest is heavily wounded.
The orc priest mumbles some strange prayers to Beogh against you.
Beogh smites you!
* * * LOW HITPOINT WARNING * * *
It was a potion of curing.
You feel better.
The orc priest looks braver for a moment.
As you read the scroll of teleportation, it crumbles to dust.
You feel strangely unstable. You block the orc priest's attack.
Your shield and chain mail prevent you from hitting the orc priest.
The orc priest is heavily wounded.
The orc priest invokes the aid of Beogh against you.
Beogh smites you!
You die...

##################*
#....Z............#
#.#######>.######.## #.#
#..........##
#####≈#######..####.....##
.........................#
.......†.####..####......#
#.......Z##....o.###...#.#
..#..<......#..#@# ##.##.#
............#..#.####.##.########
............#..$......##.........
...).......##.....###$##########.
..#........##.......#.# #.
..##..................# ***#.
.Z#######.###..<....#.#******,*#.
.o# #.# #####.###..,,,,,,,,#. .§#
#.# *...####****##.*##


You could see an orc priest.

Vanquished Creatures
  Grinder (D:3)
  Sigmund (D:3)
  Purgy (D:3)
  2 sky beasts (D:5)
  A scorpion (D:4)
  A howler monkey (D:5)
  A hound (D:2)
  3 orc wizards (D:4)
  Jessica (D:2)
  Natasha (thrice) (D:2)
  2 iguanas (D:4)
  A worker ant (D:5)
  A worker ant zombie (D:5)
  10 adders
  A shadow imp (D:5)
  An ooze (D:2)
  2 dart slugs
  A leopard gecko (D:1)
  9 orcs
  2 giant cockroaches
  9 goblins
  5 hobgoblins
  4 jackals
  7 kobolds
  4 quokkas
  A ball python (D:2)
  4 bats
  3 frilled lizards
  A giant cockroach zombie (D:5)
  A leopard gecko skeleton (D:5)
  5 rats
89 creatures vanquished.

Notes
Turn   | Place    | Note
-------+----------+-------------------------------------------
     0 | D:1      | McKennaii the Gargoyle Fighter began the quest for the Orb.
     0 | D:1      | Reached XP level 1. HP: 14/14 MP: 1/1
   191 | D:1      | Reached XP level 2. HP: 18/19 MP: 2/2
   857 | D:2      | Reached XP level 3. HP: 2/24 MP: 3/3
  1055 | D:2      | Noticed Jessica
  1060 | D:2      | Killed Jessica
  1060 | D:2      | Reached XP level 4. HP: 21/29 MP: 4/4
  1089 | D:2      | Noticed Natasha
  1105 | D:2      | Killed Natasha
  1327 | D:2      | Noticed Natasha
  1338 | D:2      | Killed Natasha
  1338 | D:2      | Reached XP level 5. HP: 19/33 MP: 5/5
  1562 | D:2      | Found a shattered altar of Ashenzari.
  1712 | D:2      | Noticed Natasha
  1731 | D:2      | Killed Natasha
  2267 | D:2      | Found an ancient bone altar of Kikubaaqudgha.
  2601 | D:3      | Noticed Purgy
  2620 | D:3      | Killed Purgy
  2620 | D:3      | Reached skill level 1 in Dodging
  2620 | D:3      | Reached XP level 6. HP: 24/38 MP: 6/6
  2684 | D:3      | Found an opulent altar of Gozag.
  2766 | D:3      | Noticed Grinder
  2771 | D:3      | Paralysed by Grinder for 3 turns
  2784 | D:3      | Paralysed by Grinder for 4 turns
  2790 | D:3      | Killed Grinder
  2790 | D:3      | Reached skill level 5 in Shields
  2790 | D:3      | Reached XP level 7. HP: 33/43 MP: 7/7
  2902 | D:3      | Noticed Sigmund
  2915 | D:3      | Killed Sigmund
  2915 | D:3      | Reached skill level 5 in Maces & Flails
  2915 | D:3      | Reached skill level 5 in Armour
  3472 | D:4      | Found an ornate altar of the Wu Jian Council.
  3892 | D:5      | Entered Level 5 of the Dungeon
  4081 | D:5      | Reached XP level 8. HP: 14/48 MP: 8/8
  4827 | D:5      | HP: 2/48 [orc priest/divine providence (10)]
  4830 | D:5      | Killed from afar by an orc priest

Skill      XL: |  1  2  3  4  5  6  7  8 |
---------------+-------------------------+-----
Shields        | 4 5 6 |  6.5
Maces & Flails | 3 4 5 |  5.6
Armour         | 4 5 6 |  6.0
Dodging        | 1 |  1.9
Fighting       | 4 |  4.7
Stealth        | |  0.1
Evocations     | |  0.4

Action                   |  1- 3 |  4- 6 |  7- 9 || total
-------------------------+-------+-------+-------++-------
Melee: Flail             |    76 |   172 |   276 ||   524
Evoke: Wand              |       |     4 |     1 ||     5
  Use: Potion            |       |     1 |     3 ||     4
       Scroll            |       |       |     4 ||     4
  Eat: Chunk             |     1 |     5 |     7 ||    13
Armor: Scale mail        |    48 |    39 |       ||    87
       Chain mail        |       |    80 |   189 ||   269
Dodge: Dodged            |    17 |    57 |    90 ||   164
Block: Shield            |    28 |   112 |   189 ||   329
       Large shield      |       |       |    26 ||    26
